 Dungeon Crawl Stone Soup version 0.23.2-33-g5129a83 (webtiles) character file.

Game seed: 13673866409266154031

25 Fortress the Firebug (level 2, -9/20 HPs)
             Began as a Draconian Fire Elementalist on June 28, 2019.
             Mangled by Natasha (10 damage)
             ... on level 2 of the Dungeon.
             The game lasted 00:02:48 (658 turns).

Fortress the Firebug (Draconian Fire Elementalist)   Turns: 658, Time: 00:02:48

Health: -9/20      AC:  4    Str: 10    XL:     2   Next: 82%
Magic:  2/5        EV: 12    Int: 15    God:
Gold:   60         SH:  0    Dex: 11    Spells: 4/5 levels left

rFire    . . .     SeeInvis .   a - +0 dagger
rCold    . . .     Gourm    .   (no shield)
rNeg     . . .     Faith    .   (armour unavailable)
rPois    .         Spirit   .   (helmet restricted)
rElec    .         Reflect  .   (no cloak)
rCorr    .         Harm     .   (no gloves)
MR       .....                  (no boots)
Stlth    +.........             (no amulet)
HPRegen  0.06/turn              g - ring of attention (curse)
MPRegen  0.09/turn              (no ring)

@: very slightly contaminated
A: unfitting armour, cold-blooded, AC +4
a: no special abilities


You were on level 2 of the Dungeon.
You were not hungry.

You visited 1 branch of the dungeon, and saw 2 of its levels.

You collected 60 gold pieces.

Inventory:

Hand Weapons
 a - a +0 dagger (weapon)
Jewellery
 d - a cursed amulet of faith {unknown}
 g - a cursed ring of attention (left hand)
Scrolls
 c - a scroll of remove curse {unknown}
 e - a scroll of random uselessness {unknown}
Potions
 f - a potion of mutation {unknown}
 h - a potion of degeneration {unknown}
Comestibles
 b - 3 rations


   Skills:
 + Level 0.1 Short Blades
 + Level 1.7 Dodging
 - Level 2.0 Stealth
 + Level 2.1 Spellcasting
 + Level 1.1 Conjurations
 + Level 3.8 Fire Magic


You had 4 spell levels left.
You knew the following spells:

 Your Spells              Type           Power        Failure   Level  Hunger
a - Flame Tongue          Conj/Fire      #....        8%          1    #......

Your spell library contained the following spells:

 Spells                   Type           Power        Failure   Level  Hunger
 Throw Flame              Conj/Fire      #.....       12%         2    ###....
 Conjure Flame            Conj/Fire      #.......     24%         3    ###....
 Inner Flame              Hex/Fire       #.......     30%         3    ###....
 Sticky Flame             Conj/Fire      #.......     61%         4    #####..
 Fireball                 Conj/Fire      #.........   91%         5    ######.


Dungeon Overview and Level Annotations

Branches:
Dungeon (2/15)

Altars:

Annotations:
D:2 Natasha


Innate Abilities, Weirdness & Mutations

Your plain brown scales are hard. (AC +4)
You cannot fit into any form of body armour.
You are cold-blooded and may be slowed by cold attacks.


Message History

Aiming: Flame Tongue (safe; 8% risk of failure)
Press: ? - help, Shift-Dir - straight line, f/p - Natasha
Aim: Natasha The flame tongue hits Natasha.
Natasha is moderately wounded.
Natasha mumbles some strange words.
You feel troubled. Natasha casts a spell at you. The magic dart hits you.
* * * LOW HITPOINT WARNING * * *
Casting: Flame Tongue (safe; 8% risk of failure)
Confirm with . or Enter, or press ? or * to list all spells.
Aiming: Flame Tongue (safe; 8% risk of failure)
Press: ? - help, Shift-Dir - straight line, f/p - Natasha
Aim: Natasha (moderately wounded)
You miscast Flame Tongue.
You are very lightly contaminated with residual magic.
Strange energies run through your body. Natasha claws you!
Ouch! That really hurt!
You die...

.#.$ ####.#.. ...
... #.# #.#
###.###.# #
#.....#.#
#.###.....#.###
#............?#
####......###@#
######.......# #h#
<..<...#......##.#
######......#.##.#
##.##.##.##5#
#.##........
#.###### #[# .#
#.# .#


You could see Natasha and a crimson imp.

Vanquished Creatures
  A dart slug (D:1)
  3 ball pythons (D:1)
  A giant cockroach (D:1)
  2 hobgoblins (D:1)
  3 jackals (D:1)
  5 bats (D:1)
  A frilled lizard (D:2)
  3 kobolds (D:1)
  4 rats (D:1)
23 creatures vanquished.

Notes
Turn   | Place    | Note
-------+----------+-------------------------------------------
     0 | D:1      | Fortress the Draconian Fire Elementalist began the quest
                  | for the Orb.
     0 | D:1      | Reached XP level 1. HP: 14/14 MP: 3/3
   195 | D:1      | Reached XP level 2. HP: 20/20 MP: 1/5
   651 | D:2      | Noticed Natasha
   655 | D:2      | Noticed a crimson imp
   657 | D:2      | HP: 1/20 [Natasha/magic dart (4)]
   658 | D:2      | Mangled by Natasha

Skill      XL: |  1 |
---------------+----+-----
Stealth        | 2 |  2.0
Short Blades   | |  0.1
Dodging        | |  1.7
Spellcasting   | |  2.1
Conjurations   | |  1.1
Fire Magic     | |  3.8

Action                   || total
-------------------------++-------
Melee: Unarmed           ||     5
       Dagger            ||     7
       Tailslap          ||     2
 Cast: Flame Tongue      ||    31
Armor: Skin              ||     2
Dodge: Dodged            ||    13
